 Dungeon Crawl Stone Soup version 0.30-a0-702-gdf48620a09 (webtiles) character file.

Game seed: 10276693907305644050

61 flotson the Sneak (level 3, -2/29 HPs)
             Began as a Demonspawn Delver on Jan 21, 2023.
             Was an Initiate of Hepliaklqana.
             Slain by an iguana (7 damage)
             ... on level 5 of the Dungeon.
             The game lasted 00:00:45 (248 turns).

flotson the Sneak (Demonspawn Delver)                Turns: 248, Time: 00:00:46

Health: -2/29      AC:  8    Str: 14    XL:     3   Next: 83%
Magic:  4/4        EV:  6    Int: 11    God:    Hepliaklqana [......]
Gold:   26         SH:  4    Dex: 14    Spells: 2/2 levels left

rFire   . . .      SeeInvis .    a - +0 hand axe
rCold   . . .      Faith    .    (no shield)
rNeg    . . .      Spirit   .    h - +0 chain mail
rPois   .          Reflect  .    (no helmet)
rElec   .          Harm     .    (no cloak)
rCorr   .          Rampage  .    (no gloves)
Will    .....                    (no boots) Stlth
                                 (no amulet)
HPRegen 0.24/turn                (no ring)
MPRegen 0.09/turn                (no ring)

@: no status effects
A: large bone plates 1, spiny 1
a: Renounce Religion


You were on level 5 of the Dungeon.
You worshipped Hepliaklqana.
Hepliaklqana was noncommittal.
You visited 2 branches of the dungeon, and saw 2 of its levels.

You collected 26 gold pieces.

Inventory:

Hand Weapons
 a - a +0 hand axe (weapon)
Armour
 h - a +0 chain mail (worn)
Wands
 g - a wand of digging (3)
Scrolls
 c - a scroll of fog
 d - a scroll of magic mapping
 e - a scroll of fear
 i - a scroll of identify {unknown}
Potions
 b - a potion of curing {unknown}


   Skills:
 + Level 3.3 Fighting
 - Level 2.0 Axes
 + Level 1.0 Armour
 + Level 2.2 Dodging
 + Level 4.7 Stealth
 + Level 1.6 Invocations
 + Level 1.1 Evocations


You had 2 spell levels left.
You didn't know any spells.
Your spell library was empty.

Dungeon Overview and Level Annotations

Branches:
Dungeon (5/15)             Temple (1/1) D:5

Altars:
Ashenzari
Dithmenos
Fedhas
Hepliaklqana
Nemelex Xobeh
Okawaru
Qazlal
Uskayaw
Wu Jian
Xom


Innate Abilities, Weirdness & Mutations

You are partially covered in large bone plates. (SH +4)
You are partially covered in sharp spines.


Message History

Your Armour skill increases to level 1!
Your Evocations skill increases to level 1!
No target in view!
No target in view!
No target in view!
No target in view!
No target in view!
Magic restored.
An iguana comes into view.
The iguana hisses angrily.
There is an open door here.
You closely miss the iguana. The iguana closely misses you.
You barely miss the iguana. You punch the iguana, but do no damage.
The iguana bites you! The iguana is struck by your spines.
The iguana barely misses you.
You barely miss the iguana.
The iguana is moderately wounded.
The iguana barely misses you.
You hit the iguana but do no damage.
The iguana is moderately wounded.
The iguana bites you!
You are too injured to fight recklessly!
You are too injured to fight recklessly!
You are too injured to fight recklessly!
You are too injured to fight recklessly!
You are too injured to fight recklessly!
You are too injured to fight recklessly!
You are too injured to fight recklessly!
You hit the iguana.
The iguana is heavily wounded.
The iguana bites you.
* * * LOW HITPOINT WARNING * * *
You barely miss the iguana.
The iguana is heavily wounded.
The iguana is struck by your spines. The iguana bites you.
* * * LOW HITPOINT WARNING * * *
You hit the iguana.
The iguana is severely wounded.
The iguana bites you!
You die...

#########.......#....
#...............#####
#....................
#........#######.....
#........#.....'.....
#........#.....#.....
#####'####.....#.....
#.......#......#.....
#...@...#......#.....
#...l...#......#.....
#.......##.....#.....
##......##.....#.....
##......##.....#
#........†.....+
#..............#
##.............#
#.............#


You could see an iguana.

Vanquished Creatures
  2 hounds (D:5)
2 creatures vanquished.

Notes
Turn   | Place    | Note
-------+----------+-------------------------------------------
     0 | D:5      | flotson the Demonspawn Delver began the quest for the Orb.
     0 | D:5      | Reached XP level 1. HP: 18/18 MP: 1/1
     6 | D:5      | Found a staircase to the Ecumenical Temple.
    15 | Temple   | Entered the Ecumenical Temple
    36 | Temple   | Became a worshipper of Hepliaklqana the Forgotten
   131 | D:5      | Noticed a hound
   139 | D:5      | Killed a hound
   140 | D:5      | Reached skill level 1 in Invocations
   140 | D:5      | Gained mutation: You are partially covered in large bone
                  | plates. (SH +4) [demonic ancestry]
   140 | D:5      | Reached XP level 2. HP: 15/24 MP: 2/2
   140 | D:5      | Gained mutation: You are partially covered in sharp spines.
                  | [demonic ancestry]
   140 | D:5      | Reached XP level 3. HP: 18/29 MP: 3/3
   220 | D:5      | Reached skill level 1 in Armour
   220 | D:5      | Reached skill level 1 in Evocations
   248 | D:5      | Slain by an iguana

Illustrated notes

Levels and vault maps discovered:
D:5:      layout_gridville, minmay_temple_entry_mist, ebering_ghost_sewer_f
Temple:   cyrus_circular_temple

Skill      XL: |  1  2  3 |
---------------+----------+-----
Axes           | 2 |  2.0
Dodging        | 2 |  2.2
Invocations    | 1 |  1.6
Armour         | 1 |  1.0
Evocations     | 1 |  1.1
Fighting       | |  3.3
Stealth        | |  4.7

Action                   || total
-------------------------++-------
Melee: Hand axe          ||    20
       Punch             ||     1
  Use: Potion            ||     1
Armor: Chain mail        ||    12
Dodge: Dodged            ||     6

Table legend: (Time is in decaauts)
 A = Elapsed time spent in this place.
 B = Non-inter-level travel time spent in this place.
 C = Inter-level travel time spent in this place.
 D = Time resting spent in this place.
 E = Time spent auto-exploring this place.
 F = Levels seen in this place.
 G = Mean time per level.
                   A        B        C        D        E       F      G
               +--------+--------+--------+--------+--------+-----+--------+
         Total |    235 |    219 |     16 |      0 |    141 |   2 |  117.5 |
       Dungeon |    198 |    197 |      1 |      0 |    133 |   1 |  198.0 |
        Temple |     36 |     21 |     15 |      0 |      8 |   1 |   36.0 |
               +--------+--------+--------+--------+--------+-----+--------+

Top non-repeatable levels by time:
     D:5: 198 daAuts
  Temple: 36 daAuts
